AoeStats
← JIJINz

Nomad

508726233Analyzed
4v4 RM · 9d ago on Sep 23, 2026· 22m 17s· 8 players
Game mode
Random Map
Map size
231×231
Population
200
Speed
Normal
Resources
Standard
Victory
Conquest
Starting age
Dark Age
Ending age
Imperial Age
RankedLock teamsTeams togetherTeam positionsShared explorationLock speedFull tech treeHidden civsTurbo modeCheats
Victory
Defeat
🇯🇵 Burgundians · Japan
1533
+15
🇦🇷 Burmese · Argentina
1527
+15
🇭🇰 Maya · Hong Kong SAR China
1451
+18
🇩🇪 Malay · Germany
1413
+20
🇵🇱 Saracens · Poland
1656
-23
🇬🇧 Huns · United Kingdom
1541
-19
🇳🇱 Hindustanis · Netherlands
1455
-15
🇺🇸 Ethiopians · United States
1358
-11
Hugh Jayniss
4:10 Loom
13:02 Feudal Age
13:53 Town Watch
17:27 Fletching
Oh Bossom
3:59 Loom
14:00 Feudal Age
13:42 Double-Bit Axe
17:52 Fishing Lines
20:01 Town Watch
22:53 Castle Age
Didi
3:23 Loom
13:50 Feudal Age
18:01 Castle Age
16:07 Stone Mining
16:46 Gold Mining
19:30 Padded Archer Armor
22:01 Husbandry
23:03 Bloodlines
JIJINz
9:16 Loom
10:20 Double-Bit Axe
13:15 Fishing Lines
15:49 Feudal Age
14:36 Fishing Lines
16:45 Bow Saw
23:32 Castle Age
21:29 Gold Mining
[LMB] xvedejas
10:28 Loom
14:03 Feudal Age
17:39 Castle Age
15:58 Fishing Lines
16:11 Double-Bit Axe
17:30 Fletching
18:37 Medium Warships
18:51 Bodkin Arrow
20:11 Wheelbarrow
20:13 Bow Saw
20:19 Gillnets
21:01 Horse Collar
wosm
4:49 Loom
11:36 Feudal Age
13:50 Double-Bit Axe
16:08 Fletching
20:12 Forging
21:42 Fishing Lines
Narwhals4Eva
7:40 Loom
14:49 Feudal Age
18:31 Castle Age
16:59 Double-Bit Axe
17:43 Fishing Lines
19:15 Fletching
19:50 Bow Saw
20:45 Gold Mining
StRode
9:15 Loom
12:27 Feudal Age
12:57 Double-Bit Axe
18:16 Fletching
20:32 Horse Collar
24:51 Castle Age
Connection lost

Rejoining the realm…

Still unreachable

The connection could not be restored.

Session expired

The server has moved on; the page needs a fresh start.